 Dungeon Crawl Stone Soup version 0.20-b1-24-gb21faa7 (webtiles) character file.

525 miragecloak the Insei (level 7, -6/43 HPs)
             Began as an Octopode Transmuter on May 25, 2017.
             Was an Initiate of Ashenzari.
             Mangled by a mummy (13 damage)
             ... in an ossuary.
             The game lasted 00:06:01 (5212 turns).

miragecloak the Insei (Octopode Transmuter)         Turns: 5212, Time: 00:06:02

Health: -6/43      AC:  2    Str:  9    XL:     7   Next: 23%
Magic:  4/10       EV: 20    Int: 16    God:    Ashenzari [......]
Gold:   300        SH:  0    Dex: 19    Spells: 2/10 levels left

rFire    . . .     SeeInvis .     - Unarmed
rCold    . . .     Gourm    .   (shield currently unavailable)
rNeg     . . .     Faith    .   (helmet currently unavailable)
rPois    x         Spirit   .   (no amulet)
rElec    .         Reflect  .   (no ring)
rCorr    .         Harm     .   (no ring)
MR       .....                  (no ring)
Stlth    ++........             (no ring)
Regen    0.2/turn               (no ring)
MPRegen  0.2/turn               (no ring)
                                (no ring)
                                (no ring)

@: spider-form, very slightly contaminated
A: almost no armour, stealthy swim, (amphibious), 8 rings, (constrict 8)
a: End Transformation, Curse Item, Renounce Religion


You were in an ossuary.
You worshipped Ashenzari.
Ashenzari was noncommittal.
You were not hungry.
You were a venomous arachnid creature.
You visited 1 branch of the dungeon, and saw 6 of its levels.
You also visited: Ossuary.

You collected 300 gold pieces.

Inventory:

Missiles
 a - 30 arrows
Scrolls
 d - 2 scrolls of blinking {unknown}
 e - 2 scrolls of recharging {unknown}
 g - a scroll of amnesia {unknown}
 j - 2 scrolls of identify {unknown}
 l - 2 scrolls of remove curse
 n - a scroll of teleportation {unknown}
 s - a scroll of enchant weapon {unknown}
Potions
 h - a potion of lignification {unknown}
 i - a potion of brilliance {unknown}
 m - a potion of curing
 o - a potion of agility {unknown}
Books
 b - a book of Changes

   Spells                             Type                      Level
   a - Beastly Appendage              Transmutation                1
   b - Sticks to Snakes               Transmutation                2
   c - Spider Form                    Transmutation/Poison         3
   d - Ice Form                       Ice/Transmutation            4
   e - Blade Hands                    Transmutation                5
 q - a book of the Earth

   Spells                             Type                      Level
   a - Leda's Liquefaction            Hexes/Earth                  4
   b - Bolt of Magma                  Conjuration/Fire/Earth       5
   c - Statue Form                    Transmutation/Earth          6
   d - Iron Shot                      Conjuration/Earth            6
   e - Shatter                        Earth                        9
Comestibles
 c - 3 bread rations
 k - a royal jelly
 p - 4 fruits
 r - a meat ration


   Skills:
 - Level 1.0 Fighting
 - Level 2.0 Dodging
 + Level 6.5 Unarmed Combat
 - Level 2.0 Spellcasting
 - Level 4.0 Transmutations
 - Level 3.1 Poison Magic


You had 2 spell levels left.
You knew the following spells:

 Your Spells              Type           Power        Failure   Level  Hunger
a - Beastly Appendage     Tmut           ##....       13%         1    #......
b - Spider Form           Tmut/Pois      ##........   32%         3    ###....
c - Ice Form              Ice/Tmut       #.......     83%         4    #####..


Dungeon Overview and Level Annotations

Branches:
Dungeon (6/15)             Temple (0/1) D:6

Altars:
Ashenzari
Fedhas

Shops:
D:4 =%}[%

Annotations:
D:5 Eustachio


Innate Abilities, Weirdness & Mutations

You cannot wear most types of armour.
You are very stealthy in the water. (Stealth+)
((You are amphibious.))
You can wear up to eight rings at the same time.
((You can use your tentacles to constrict eight enemies at once.))
((Your skin changes colour to match your surroundings (Stealth+).))
((Your rubbery body absorbs attacks. (AC +1, EV +1)))


Message History

Casting: Spider Form
Confirm with . or Enter, or press ? or * to list all spells.
You miscast Spider Form.
You are very lightly contaminated with residual magic.
You feel slightly ill. The mummy hits you!
Okay, then.
Casting: Spider Form
Confirm with . or Enter, or press ? or * to list all spells.
You turn into a venomous arachnid creature.
The mummy barely misses you. x2
You bite the mummy!
You destroy the mummy!
The mummy hits you.
* * * LOW HITPOINT WARNING * * *
You hit the mummy.
The mummy is heavily damaged.
You barely miss the mummy.
The mummy is heavily damaged.
The mummy hits you!
You die...

#.........#
+....⌠....+
#.........#
##.......##
##.....##
###'### #.#
##.## #sM.#
#.∩.# #####


You could see a mummy.

Vanquished Creatures
  3 killer bees (D:5)
  Natasha (thrice) (D:2)
  An orc wizard (D:3)
  A worker ant (D:4)
  3 mummies
  12 adders
  A shadow imp (D:5)
  4 oozes
  An adder zombie (D:5)
  2 worms
  A dart slug (D:1)
  3 leopard geckos
  4 orcs
  A ball python (D:2)
  11 bats
  10 giant cockroaches
  8 goblins
  6 hobgoblins
  A quokka (D:2)
  4 frilled lizards
  12 kobolds
  A leopard gecko skeleton (D:5)
  7 rats
100 creatures vanquished.

Notes
Turn   | Place    | Note
-------+----------+-------------------------------------------
     0 | D:1      | miragecloak the Octopode Transmuter began the quest for the Orb.
     0 | D:1      | Reached XP level 1. HP: 13/13 MP: 3/3
   321 | D:1      | Reached XP level 2. HP: 17/18 MP: 3/5
   823 | D:1      | Reached XP level 3. HP: 18/23 MP: 4/6
   836 | D:1      | Learned a level 3 spell: Spider Form
  1324 | D:2      | Noticed Natasha
  1332 | D:2      | Killed Natasha
  1332 | D:2      | Reached skill level 1 in Poison Magic
  1332 | D:2      | Reached XP level 4. HP: 28/28 MP: 4/7
  1420 | D:2      | Noticed Natasha
  1425 | D:2      | Killed Natasha
  1566 | D:2      | Reached XP level 5. HP: 31/33 MP: 8/8
  1702 | D:2      | Noticed Natasha
  1710 | D:2      | Killed Natasha
  1904 | D:3      | Reached skill level 4 in Unarmed Combat
  2366 | D:3      | Reached XP level 6. HP: 38/38 MP: 2/9
  2967 | D:3      | Learned a level 4 spell: Ice Form
  3250 | D:4      | Reached skill level 5 in Unarmed Combat
  3493 | D:4      | Found Suafyraf's Food Emporium.
  3516 | D:4      | Found Ydwyit's Food Boutique.
  3523 | D:4      | Found Yrood's Gadget Shop.
  3624 | D:4      | Found Pumeagao's Armour Emporium.
  3637 | D:4      | Found a shattered altar of Ashenzari.
  3640 | D:4      | Became a worshipper of Ashenzari the Shackled
  3741 | D:4      | Found Ejideadgh's Jewellery Shoppe.
  3826 | D:5      | Entered Level 5 of the Dungeon
  4359 | D:5      | Reached skill level 6 in Unarmed Combat
  4363 | D:5      | Reached XP level 7. HP: 12/43 MP: 7/10
  4825 | D:5      | Found a blossoming altar of Fedhas.
  4825 | D:5      | Noticed Eustachio
  5093 | D:6      | Noticed a two-headed ogre
  5116 | D:6      | Found a staircase to the Ecumenical Temple.
  5131 | D:6      | Found a sand-covered staircase.
  5142 | Ossuary  | Entered an ossuary
  5212 | Ossuary  | Mangled by a mummy

Skill      XL: |  1  2  3  4  5  6 |
---------------+-------------------+-----
Transmutations | 3 4 |  4.0
Poison Magic   | 1 3 |  3.1
Unarmed Combat | 4 6 |  6.5
Fighting       | |  1.0
Dodging        | |  2.0
Spellcasting   | |  2.0

Action                   |  1- 3 |  4- 6 |  7- 9 || total
-------------------------+-------+-------+-------++-------
Melee: Unarmed           |    83 |   170 |    28 ||   281
       Constrict         |    19 |     3 |     1 ||    23
       Kick              |    11 |       |       ||    11
       Tentacles         |    11 |     2 |       ||    13
       Punch             |     3 |       |       ||     3
 Cast: Beastly Appendage |    22 |       |       ||    22
       Spider Form       |     1 |    38 |     4 ||    43
  Use: Potion            |       |     1 |     1 ||     2
 Stab: Sleeping          |    10 |     7 |     1 ||    18
  Eat: Chunk             |     2 |    14 |       ||    16
       Bread ration      |       |       |     1 ||     1
Armor: Skin              |    10 |    12 |     1 ||    23
Dodge: Dodged            |    58 |   141 |    15 ||   214
